 Dungeon Crawl Stone Soup version 0.24.0-1-gfbc8707 (webtiles) character file.

Game seed: 8354493916022231940, levelgen mode: deterministic

160 Fang the Skirmisher (level 5, 0/33 HPs)
             Began as a Gargoyle Berserker on Oct 28, 2019.
             Was a Believer of Trog.
             Killed by divine providence
             ... invoked by an orc priest
              (12 damage)
             ... on level 3 of the Dungeon.
             The game lasted 00:02:06 (1199 turns).

Fang the Skirmisher (Gargoyle Berserker)            Turns: 1199, Time: 00:02:07

Health: 0/33       AC: 16    Str: 21    XL:     5   Next: 41%
Magic:  5/5        EV:  8    Int:  8    God:    Trog [**....]
Gold:   145        SH:  0    Dex:  9    Spells: 4/4 levels left

rFire    . . .     SeeInvis .   a - +0 hand axe
rCold    . . .     Gourm    .   (no shield)
rNeg     + . .     Faith    .   b - +0 chain mail
rPois    ∞         Spirit   .   (no helmet)
rElec    +         Reflect  .   (no cloak)
rCorr    .         Harm     .   (no gloves)
MR       ++...                  (no boots)
Stlth    ..........             (no amulet)
HPRegen  1.11/turn              o - +3 ring of protection
MPRegen  0.09/turn              (no ring)

@: berserk cooldown, regenerating, slowed, very slow
A: negative energy resistance 1, electricity resistance, unbreathing,
petrification resistance, rot immunity, AC +4
a: Berserk, Trog's Hand, Renounce Religion


You were on level 3 of the Dungeon.
You worshipped Trog.
Trog was pleased with you.
You were near starving.

You visited 1 branch of the dungeon, and saw 3 of its levels.

You collected 145 gold pieces.

Inventory:

Hand Weapons
 a - a +0 hand axe (weapon)
Armour
 b - a +0 chain mail (worn)
Jewellery
 o - a +3 ring of protection (left hand)
 q - an uncursed amulet of guardian spirit {unknown}
Scrolls
 e - 6 scrolls of identify {unknown}
 g - a scroll of remove curse {unknown}
 i - a scroll of magic mapping {unknown}
 k - a scroll of enchant armour {unknown}
 l - a scroll of enchant weapon {unknown}
 m - a scroll of fog {unknown}
 p - a scroll of teleportation {unknown}
Potions
 f - a potion of might {unknown}
 h - 2 potions of curing {unknown}
 j - a potion of flight {unknown}
 n - 2 potions of degeneration {unknown}
 r - a potion of cancellation {unknown}
Comestibles
 c - 5 rations
 d - a chunk of flesh


   Skills:
 + Level 4.2 Fighting
 + Level 3.5 Axes
 + Level 3.5 Armour
 + Level 2.5 Dodging


You had 4 spell levels left.
You didn't know any spells.
Your spell library was empty.

Dungeon Overview and Level Annotations

Branches:
Dungeon (3/15)

Altars:


Innate Abilities, Weirdness & Mutations

You are resistant to torment.
Your stone body is resilient. (AC +4)
You are immune to poison.
You resist negative energy. (rN+)
You are resistant to electric shocks. (rElec)
You can survive without breathing.
You are immune to petrification.
You are immune to rotting.


Message History

The bush is lightly damaged.
You hit the bush but do no damage. x3; You hit the bush. x2
The orc priest hits the bush with a +0 club.
The orc priest invokes the aid of Beogh against you.
Beogh smites you!
* * * LOW HITPOINT WARNING * * *
The orc priest hits the bush but does no damage.
Items here: ( ) [ † a +0 hand axe; 18 stones; a +0 chain mail; an orc corpse You hit the bush but do no damage.
The bush is lightly damaged.
You hit the bush but do no damage. x3; You hit the bush.
You hit the bush but do no damage. x3; You hit the bush.
The orc priest casts a cantrip, but nothing happens.
Your skin crawls.
You feel resistant to hostile enchantments.
You are near starving!
The orc priest invokes the aid of Beogh against you.
Beogh smites you!
You die... ###. #######.# .PP PPPPPPPPP ##.## .P..
P.P.....P ##...## .P.PPP.PPP.P.P## #.....## .[....P...P...# ##......# PPP.PPPPP.P.P .......... #P.....P.).P.P ####...#.# ##PPPPP†P)PPP.P #####.# #.P....(o.@.P.P #<# #.P.PPP)PPP.PPP #.# #.P.P...P.....P ##.# ##P.PPPPPPPPPPP#

#...
##.###.###.####
####..#
#.........#
#.....#
#####.#####
#.##.## #.#
#.##.# #.#
########.##.#


You could see an orc priest.

Vanquished Creatures
  Crazy Yiuf (D:2)
  Jessica (D:2)
  An orc wizard (D:3)
  A worker ant (D:2)
  An adder (D:3)
  An ooze (D:2)
  A worm (D:3)
  A leopard gecko (D:1)
  3 orcs (D:3)
  5 bats
  A giant cockroach (D:1)
  7 goblins
  4 hobgoblins
  A kobold (D:2)
  A quokka (D:3)
  A frilled lizard (D:1)
  8 rats
39 creatures vanquished.

Notes
Turn   | Place    | Note
-------+----------+-------------------------------------------
     0 | D:1      | Fang the Gargoyle Berserker began the quest for the Orb.
     0 | D:1      | Reached XP level 1. HP: 14/14 MP: 1/1
   139 | D:1      | Reached XP level 2. HP: 19/19 MP: 2/2
   441 | D:2      | Noticed Jessica
   444 | D:2      | Reached XP level 3. HP: 23/23 MP: 3/3
   447 | D:2      | Killed Jessica
   519 | D:2      | Reached XP level 4. HP: 26/29 MP: 4/4
   583 | D:2      | Found a runed translucent door.
   584 | D:2      | Noticed Crazy Yiuf
   798 | D:2      | Killed Crazy Yiuf
   798 | D:2      | Reached skill level 4 in Fighting
   895 | D:3      | Reached ** piety under Trog
   895 | D:3      | Reached XP level 5. HP: 31/33 MP: 5/5
  1199 | D:3      | Killed from afar by an orc priest

Levels and vault maps discovered:
D:1:      wheals_arrival_shading, layout_rooms
D:2:      layout_rooms, kennysheep_nub, uniq_crazy_yiuf_cottage, uniq_jessica
D:3:      layout_loops_ring, minmay_hedge_maze

Skill      XL: |  1  2  3  4 |
---------------+-------------+-----
Axes           | 3 |  3.5
Dodging        | 2 |  2.5
Armour         | 3 |  3.5
Fighting       | 4 |  4.2

Action                   |  1- 3 |  4- 6 || total
-------------------------+-------+-------++-------
Melee: Hand axe          |    59 |    50 ||   109
Invok: Berserk           |       |     2 ||     2
       Trog's Hand       |       |     1 ||     1
  Eat: Chunk             |       |     2 ||     2
Armor: Animal skin       |     7 |       ||     7
       Chain mail        |    24 |    34 ||    58
Dodge: Dodged            |    42 |    23 ||    65
